 Dungeon Crawl Stone Soup version 0.30.1-4-g462c640d31 (webtiles) character file.

Game seed: 2377764145643153608

74 growler the Trooper (level 4, -5/38 HPs)
             Began as a Demonspawn Gladiator on Aug 16, 2023.
             Succumbed to their own poison gas
             ... in an ossuary.
             The game lasted 00:04:19 (2038 turns).

growler the Trooper (Demonspawn Gladiator)          Turns: 2038, Time: 00:04:20

Health: -5/38      AC:  4    Str: 14    XL:     4   Next: 9%
Magic:  4/4        EV: 12    Int: 13    God:
Gold:   92         SH:  5    Dex: 15    Spells: 3/3 levels left

rFire   . . .        a - +0 war axe
rCold   . . .        (no shield)
rNeg    . . .        b - +0 leather armour
rPois   .            c - +0 helmet
rElec   .            (no cloak)
rCorr   .            (no gloves)
SInv    .            (no boots)
Will    .....        v - amulet of reflection
Stlth   +            (no ring)
HPRegen 0.26/turn    (no ring)
MPRegen 0.18/turn

%: reflection
@: lethally poisoned (-5 -> -35)
A: magic regeneration, big brain 1
a: no special abilities


You were in an ossuary.
You visited 1 branch of the dungeon, and saw 4 of its levels.
You also visited: Ossuary.

You collected 92 gold pieces.

Inventory:

Hand Weapons
 a - a +0 war axe (weapon)
Missiles
 d - 3 throwing nets (quivered)
 e - a javelin
Armour
 b - a +0 leather armour (worn)
 c - a +0 helmet (worn)
 k - a +0 kite shield
Jewellery
 p - a ring of protection from cold
 v - an amulet of reflection (around neck)
Scrolls
 f - a scroll of magic mapping {unknown}
 i - a scroll of fog {unknown}
 j - 4 scrolls of identify
 m - a scroll of enchant weapon {unknown}
 o - 2 scrolls of poison
 r - a scroll of blinking {unknown}
 w - a scroll of enchant armour {unknown}
Potions
 g - 2 potions of attraction {unknown}
 h - a potion of berserk rage {unknown}
 l - a potion of resistance {unknown}
 n - a potion of heal wounds {unknown}
 q - a potion of mutation
 s - 3 potions of curing {unknown}
 t - a potion of degeneration {unknown}
 u - a potion of ambrosia {unknown}


   Skills:
 + Level 4.4 Fighting
 - Level 2.6 Axes
 - Level 1.7 Throwing
 - Level 2.6 Dodging


You had 3 spell levels left.
You didn't know any spells.
Your spell library was empty.

Dungeon Overview and Level Annotations

Branches:
Dungeon (4/15)            Ossuary (1/1)
 Temple: D:4-7

Altars:
Fedhas
Hepliaklqana
Okawaru


Innate Abilities, Weirdness & Mutations

You regenerate magic rapidly.
You have an unusually large brain. (Int +2)


Message History

You hit the mummy but do no damage.
You hit the orc zombie but do no damage.
The orc zombie hits you but does no damage.
The mummy misses you.
You hit the mummy but do no damage.
The mummy is severely damaged.
You barely miss the mummy. You hit the mummy. You slash the orc zombie!
You destroy the orc zombie!
The mummy hits you! The mummy barely misses you. You block the mummy's attack.
There is a gate leading back out of this place here.
You block the mummy's attack. x2
The orc zombie hits you but does no damage.
The mummy hits you!
* * * LOW HITPOINT WARNING * * *
The orc zombie hits you but does no damage.
A mummy comes into view.
A mummy comes into view.
A mummy comes into view.
The mummy misses you. You block the mummy's attack.
You block the mummy's attack.
You aren't carrying any items that you can evoke.
Unknown command.
As you read the scroll labelled SIJ FIUNKOJEPN, it crumbles to dust.
It is a scroll of identify.
q - a potion of mutation The air fills with toxic fumes!
As you read the scroll labelled AFIRUAMM OGUEK, it crumbles to dust.
It was a scroll of poison.
Really walk into that cloud of poison gas?
You are engulfed in poison gas.
You are poisoned.
* * * LOW HITPOINT WARNING * * *
You feel very sick.
There is a gate leading back out of this place here.
You are engulfed in poison gas.
You are more poisoned.
* * * LOW HITPOINT WARNING * * *
You die...

##....##
#§...#
#§M§§#
#..MM#
#ZMM§#
#§§MM#
#§§§§#
#§§.§#
#§§@§#
######


You could see 7 mummies and an orc zombie.

Vanquished Creatures
  An adder (D:2)
  2 worms
  4 dart slugs
  An orc (D:4)
  4 bats
  A giant cockroach (D:4)
  3 gnoll zombies (Ossuary)
  A goblin (D:1)
  6 hobgoblins
  2 quokkas (D:2)
  4 ball pythons
  5 frilled lizards
  A hobgoblin zombie (Ossuary)
  7 kobolds
  A kobold zombie (Ossuary)
  2 orc zombies (Ossuary)
  3 rats
  2 rat zombies (D:4)
50 creatures vanquished.

Notes
Turn   | Place    | Note
-------+----------+-------------------------------------------
     0 | D:1      | growler the Demonspawn Gladiator began the quest for the
                  | Orb.
     0 | D:1      | Reached XP level 1. HP: 16/16 MP: 1/1
   151 | D:1      | Gained mutation: You have an unusually large brain. (Int
                  | +2) [demonic ancestry]
   151 | D:1      | Reached XP level 2. HP: 14/23 MP: 2/2
   233 | D:1      | Reached skill level 3 in Fighting
   360 | D:1      | Found a faded altar of an unknown god.
   731 | D:2      | Reached XP level 3. HP: 24/29 MP: 3/3
  1055 | D:2      | Reached skill level 4 in Fighting
  1355 | D:3      | Found an iron altar of Okawaru.
  1432 | D:3      | Found a hazy altar of Hepliaklqana.
  1632 | D:3      | Found a blossoming altar of Fedhas.
  1906 | D:4      | Found a sand-covered staircase.
  1929 | Ossuary  | Entered an ossuary
  1942 | Ossuary  | Gained mutation: You regenerate magic rapidly. [demonic
                  | ancestry]
  1942 | Ossuary  | Reached XP level 4. HP: 38/38 MP: 4/4
  2038 | Ossuary  | Succumbed to their own poison gas

Illustrated notes

Levels and vault maps discovered:
D:1:      grunt_arrival_lava_bath, layout_rooms, ebering_ecumenical_altar_box,
          lexackson_kobold_supper
D:2:      layout_rooms
D:3:      layout_loops_ring, mainiacjoe_overflow_concentric_impassable,
          mainiacjoe_overflow_chevrons, nzn_hepliaklqana_mist_gate
D:4:      minmay_spotlight, layout_cave_pods, enter_ossuary_4, uniq_natasha
Ossuary:  ossuary_tomb_3

Skill      XL: |  1  2  3 |
---------------+----------+-----
Fighting       | 3 4 |  4.4
Axes           | |  2.6
Throwing       | |  1.7
Dodging        | |  2.6

Action                     |  1- 3 |  4- 6 || total
---------------------------+-------+-------++-------
  Melee: War axe           |   133 |    13 ||   146
    Use: Scroll            |       |     2 ||     2
   Stab: Sleeping          |     3 |       ||     3
 Armour: Leather armour    |    47 |     6 ||    53
  Dodge: Dodged            |    74 |     6 ||    80
  Block: Other             |     2 |     6 ||     8
